 Dungeon Crawl Stone Soup version 0.22-a0-803-gd6d8abeff0 (webtiles) character file.

52 Holzbalken the Changer (level 3, -13/26 HPs)
             Began as a Merfolk Transmuter on July 22, 2018.
             Was an Initiate of Wu Jian.
             Killed by divine providence
             ... invoked by an orc priest
              (14 damage)
             ... on level 2 of the Dungeon.
             The game lasted 00:04:39 (1156 turns).

Holzbalken the Changer (Merfolk Transmuter)         Turns: 1156, Time: 00:04:40

Health: -13/26     AC:  3    Str: 10    XL:     3   Next: 85%
Magic:  6/6        EV: 13    Int: 12    God:    Wu Jian [......]
Gold:   40         SH:  0    Dex: 15    Spells: 6/7 levels left

rFire    . . .     SeeInvis .     - Unarmed
rCold    . . .     Gourm    .   (no shield)
rNeg     . . .     Faith    .   f - +0 leather armour
rPois    .         Spirit   .   (no helmet)
rElec    .         Reflect  .   (no cloak)
rCorr    .         Harm     .   (no gloves)
MR       .....                  (no boots)
Stlth    +.........             (no amulet)
HPRegen  0.08/turn              (no ring)
MPRegen  0.10/turn              (no ring)

@: no status effects
A: change form in water, swift swim, stealthy swim
a: Renounce Religion


You were on level 2 of the Dungeon.
You worshipped Wu Jian.
Wu Jian was noncommittal.
You were not hungry.

You visited 1 branch of the dungeon, and saw 2 of its levels.

You collected 40 gold pieces.

Inventory:

Missiles
 a - 12 arrows
Armour
 b - a +0 robe
 f - a +0 leather armour (worn)
Jewellery
 j - an uncursed ring of wizardry {unknown}
Scrolls
 c - a scroll of noise {unknown}
 e - 4 scrolls of immolation {unknown}
 g - a scroll of teleportation {unknown}
 i - a scroll of identify {unknown}
Potions
 h - 2 potions of haste {unknown}
Comestibles
 d - a ration


   Skills:
 - Level 1.1 Fighting
 + Level 3.3 Dodging
 + Level 3.6 Unarmed Combat
 * Level 2.6 Spellcasting
 * Level 3.8 Transmutations


You had 6 spell levels left.
You knew the following spells:

 Your Spells              Type           Power        Failure   Level  Hunger
a - Beastly Appendage     Tmut           ##....       8%          1    #......

Your spell library contained the following spells:

 Spells                   Type           Power        Failure   Level  Hunger
 Spider Form              Tmut/Pois      #.........   43%         3    ###....
 Blade Hands              Tmut           ##........   90%         5    ######.
 Ice Form                 Ice/Tmut       #.......     85%         4    #####..
 Sticks to Snakes         Tmut           ##......     11%         2    ###....


Dungeon Overview and Level Annotations

Branches:
Dungeon (2/15)

Altars:
Wu Jian


Message History

You hit the orc priest.
The orc priest is severely wounded.
The adder bites you.
* * * LOW HITPOINT WARNING * * *
The orc hits you with a falchion.
* * * LOW HITPOINT WARNING * * *
The orc priest closely misses you.
You closely miss the orc priest.
The orc priest is severely wounded.
The adder closely misses you. The orc barely misses you.
You closely miss the orc priest.
The orc priest is severely wounded.
The adder closely misses you. The orc priest closely misses you.
The orc hits you with a falchion.
* * * LOW HITPOINT WARNING * * *
The adder closely misses you.
The orc priest calls down the wrath of Beogh upon you.
Beogh smites you!
Ouch! That really hurt!
You die...

.. #.# .. #.###+#
#..##.############
..########.##.##........#<
....[.......#.##........#.
.......oS.(.#[##....._..#.
#......o.@....##..........
#..........#....#########.
#$.........#..#.## #.
#..........#.>...# #######
#.......$..##....# #......
#############....# #.####.
####.###.##... #.#.).##.#.
#.###.#....


You could see an orc priest, an adder and an orc.

Vanquished Creatures
  2 adders (D:2)
  An ooze (D:1)
  A leopard gecko (D:1)
  An orc (D:2)
  A giant cockroach (D:1)
  A goblin (D:1)
  3 bats
  3 frilled lizards (D:1)
  5 kobolds
  15 rats
33 creatures vanquished.

Notes
Turn   | Place    | Note
-------+----------+-------------------------------------------
     0 | D:1      | Holzbalken the Merfolk Transmuter began the quest for the Orb.
     0 | D:1      | Reached XP level 1. HP: 15/15 MP: 3/3
    31 | D:1      | Reached XP level 2. HP: 18/21 MP: 5/5
   554 | D:1      | Reached XP level 3. HP: 21/26 MP: 6/6
   654 | D:2      | Found an ornate altar of the Wu Jian Council.
   670 | D:2      | Became a worshipper of the Wu Jian Council
  1155 | D:2      | HP: 1/26 [orc/falchion (2)]
  1156 | D:2      | Killed from afar by an orc priest

Vault maps used:
D:1:      erik_arrival_orb_chamber, serial_park_tiny_pond
D:2:      overflow_temple_1_default, minmay_distorted, uniq_robin

Skill      XL: |  1  2 |
---------------+-------+-----
Transmutations | 3 |  3.8
Dodging        | 3 |  3.3
Fighting       | |  1.1
Unarmed Combat | |  3.6
Spellcasting   | |  2.6

Action                   || total
-------------------------++-------
Melee: Unarmed           ||   106
       Headbutt          ||     3
 Cast: Beastly Appendage ||     4
Invok: Lunge             ||     2
  Eat: Chunk             ||     1
Armor: Robe              ||     5
       Leather armour    ||    14
Dodge: Dodged            ||    87

Table legend:
 A = Spawn XP
 B = Non-spawn XP
 C = Spawn XP percentage of total XP
 D = Spawn monster count
 E = Non-spawn monster count
 F = Spawn count percentage of total count
 G = Total turns spent on level
                    A         B        C        D         E        F      G
               +---------+---------+-------+---------+---------+-------+---------
         Total |       0 |      75 |   0.0 |       0 |      33 |   0.0 |  1156
               +---------+---------+-------+---------+---------+-------+---------
           D:1 |       0 |      37 |   0.0 |       0 |      25 |   0.0 |   651
           D:2 |       0 |      38 |   0.0 |       0 |       8 |   0.0 |   505
               +---------+---------+-------+---------+---------+-------+---------
